 Dungeon Crawl Stone Soup version 0.29-a0-542-g075992c915 (webtiles) character file.

Game seed: 9032467990562341498

196 Megi the Covered (level 5, -2/47 HPs)
             Began as a Minotaur Fighter on June 3, 2022.
             Was an Initiate of Yredelemnul.
             Slain by a gnoll
             ... wielding a +0 spear
              (7 damage)
             ... on level 4 of the Dungeon on June 4, 2022.
             The game lasted 00:55:49 (6076 turns).

Megi the Covered (Minotaur Fighter)                 Turns: 6076, Time: 00:55:49

Health: -2/47      AC: 16    Str: 22    XL:     5   Next: 46%
Magic:  4/4        EV:  8    Int:  5    God:    Yredelemnul [......]
Gold:   189        SH:  4    Dex: 10    Spells: 4/4 levels left

rFire   . . .      SeeInvis .   a - +1 long sword
rCold   . . .      Faith    .   c - +0 buckler
rNeg    . . .      Spirit   .   z - +0 chain mail
rPois   +          Reflect  .   (helmet restricted)
rElec   .          Harm     .   (no cloak)
rCorr   .          Rampage  .   e - +1 pair of gloves
Will    .....                   (no boots)
Stlth   ..........              w - amulet of the acrobat
HPRegen 0.15/turn               h - ring of poison resistance
MPRegen 0.09/turn               A - +4 ring of protection

@: no status effects
A: horns 2, retaliatory headbutt
a: Renounce Religion, Recall Undead Harvest


You were on level 4 of the Dungeon.
You worshipped Yredelemnul.
Yredelemnul was noncommittal.
You visited 1 branch of the dungeon, and saw 4 of its levels.

You collected 189 gold pieces.

Inventory:

Hand Weapons
 a - a +1 long sword (weapon)
 f - a +0 dagger
 y - a +0 trident
Missiles
 g - 203 stones (quivered)
 r - 5 poisoned darts
 B - 5 atropa-tipped darts
Armour
 b - a +0 scale mail
 c - a +0 buckler (worn)
 e - a +1 pair of gloves (worn)
 u - a +0 helmet
 v - a +0 ring mail
 z - a +0 chain mail (worn)
 N - a +0 scale mail
Magical Staves
 F - a staff of earth
Jewellery
 h - a ring of poison resistance (left hand)
 m - an amulet of reflection
 q - a ring of willpower
 w - an amulet of the acrobat (around neck)
 A - a +4 ring of protection (right hand)
 D - an amulet of regeneration
Scrolls
 i - 2 scrolls of enchant weapon
 k - a scroll of vulnerability {unknown}
 l - a scroll of magic mapping
 n - a scroll of noise {unknown}
 o - a scroll of torment {unknown}
 x - 3 scrolls of blinking
 E - 2 scrolls of identify {unknown}
Potions
 d - a potion of might
 j - 2 potions of curing
 p - a potion of flight {unknown}
 s - a potion of cancellation {unknown}
 C - a potion of magic {unknown}


   Skills:
 + Level 4.3 Fighting
 + Level 4.5 Long Blades
 + Level 0.5 Throwing
 + Level 5.1 Armour
 + Level 1.2 Dodging
 + Level 4.1 Shields


You had 4 spell levels left.
You didn't know any spells.
Your spell library was empty.

Dungeon Overview and Level Annotations

Branches:
Dungeon (4/15)
 Temple: D:4-7

Altars:
Ru
Xom
Yredelemnul

Shops:
D:3 *


Innate Abilities, Weirdness & Mutations

You have a pair of horns on your head.
You reflexively headbutt those who attack you in melee.


Message History

You throw a poisoned dart.
The poisoned dart barely misses the gnoll.
The poisoned dart barely misses the worm.
Throw: 7 darts (poison)
Press: ? - help, Shift-Dir - straight line, f/p - gnoll
Aim: a gnoll, wielding a +0 halberd (61% to hit)
You throw a poisoned dart.
The poisoned dart barely misses the gnoll.
The poisoned dart barely misses the worm.
The gnoll barely misses you.
Throw: 6 darts (poison)
Press: ? - help, Shift-Dir - straight line, f/p - gnoll
Aim: a gnoll, wielding a +0 halberd (61% to hit)
You throw a poisoned dart. The poisoned dart hits the gnoll.
The gnoll hits you but does no damage. The gnoll misses you.
Your gnoll zombie completely misses the gnoll.
The gnoll closely misses you.
Your gnoll zombie misses the gnoll.
The gnoll completely misses you.
Your gnoll zombie barely misses the gnoll.
The gnoll closely misses you.
Your gnoll zombie barely misses the gnoll.
You block the gnoll's attack. The gnoll misses you.
Your gnoll zombie barely misses the gnoll.
The gnoll completely misses you.
Your gnoll zombie closely misses the gnoll.
The gnoll misses you.
Your gnoll zombie closely misses the gnoll.
The gnoll closely misses you.
Your gnoll zombie closely misses the gnoll.
The gnoll misses you.
The gnoll hits you from afar with a +0 halberd!
* * * LOW HITPOINT WARNING * * *
Your gnoll zombie hits the gnoll but does no damage.
You swap places.
You block the gnoll's attack. The gnoll completely misses you.
There is a stone staircase leading up, spattered with blood here.
The gnoll hits you from afar with a +0 spear!
You die...
Your body rises from the dead as a mindless zombie.

..# .#..##
...... ....
... # ##.#
.!###.###.#
.(...wgg@Z#
.....####Z#
.## #.# #.#
#.# .># ..#
..# #..#


You could see a worm, 2 gnolls, a friendly gnoll zombie and a friendly orc
zombie.

Vanquished Creatures
  A hound (D:3)
  An iguana (D:3)
  A gnoll (D:4)
  4 adders
  A worm (D:2)
  2 dart slugs (D:3)
  5 orcs (D:4)
  9 endoplasms
  A giant cockroach (D:3)
  8 goblins
  7 hobgoblins
  3 jackals
  7 kobolds
  2 quokkas
  5 ball pythons
  6 bats
  2 frilled lizards
  6 rats
  3 bushes (D:1)
74 creatures vanquished.

Vanquished Creatures (collateral kills)
  An endoplasm (D:3)
  A hobgoblin (D:3)
  A kobold (D:3)
3 creatures vanquished.

Vanquished Creatures (others)
  A ball python zombie (D:3)
  3 goblin zombies (D:3)
  2 orc zombies (D:4)
  4 fungi (D:3)
  12 plants
22 creatures vanquished.

Grand Total: 99 creatures vanquished

Notes
Turn   | Place    | Note
-------+----------+-------------------------------------------
     0 | D:1      | Megi the Minotaur Fighter began the quest for the Orb.
     0 | D:1      | Reached XP level 1. HP: 19/19 MP: 0/0
   345 | D:1      | Reached skill level 4 in Armour
   512 | D:1      | Reached XP level 2. HP: 22/27 MP: 1/1
  2284 | D:2      | Reached XP level 3. HP: 33/33 MP: 2/2
  2651 | D:2      | Reached skill level 1 in Dodging
  3265 | D:2      | Reached XP level 4. HP: 40/40 MP: 3/3
  3947 | D:3      | Found Obiwkud's General Store.
  4007 | D:3      | Found a faded altar of an unknown god.
  4022 | D:3      | Prayed at the altar of an unknown god.
  4022 | D:3      | Became a worshipper of Yredelemnul the Dark
  4075 | D:3      | Reached * piety under Yredelemnul
  4381 | D:3      | Found a shimmering altar of Xom.
  4393 | D:3      | Found a sacrificial altar of Ru.
  4408 | D:3      | Reached XP level 5. HP: 46/46 MP: 4/4
  4668 | D:3      | Reached skill level 5 in Armour
  6076 | D:4      | Slain by a gnoll

Illustrated notes

Levels and vault maps discovered:
D:1:      dpeg_arrival_chambers_temple_mockup, layout_basic, serial_forest,
          infiniplex_forest_straight_2, infiniplex_forest_corner_1,
          infiniplex_forest_straight_1, infiniplex_forest_zigzag_2,
          infiniplex_forest_lined_1, infiniplex_forest_zigzag_1,
          infiniplex_forest_clump_medium, infiniplex_forest_lined_3_way
D:2:      layout_basic
D:3:      layout_loops_corners, mainiacjoe_overflow_large_starburst,
          shapermc_ecumenical_altar_mp_ritualfount, serial_shops,
          nicolae_shop_statue_plus, kennysheep_generic_room_6
D:4:      layout_loops_ring, nicolae_overflow_crystal_walls,
          minmay_temple_entry_statues_fountains, lexackson_kobold_supper

Skill      XL: |  1  2  3  4  5 |
---------------+----------------+-----
Armour         | 4 5 |  5.1
Dodging        | 1 |  1.2
Long Blades    | 3 4 |  4.5
Fighting       | 4 |  4.3
Shields        | 4 |  4.1
Throwing       | |  0.5

Action                   |  1- 3 |  4- 6 || total
-------------------------+-------+-------++-------
Melee: Long sword        |   346 |    94 ||   440
       Headbutt          |    83 |    16 ||    99
Throw: Stone             |     2 |    21 ||    23
       Dart              |       |     3 ||     3
  Use: Scroll            |     3 |       ||     3
       Potion            |     3 |       ||     3
Armor: Scale mail        |    53 |    13 ||    66
       Chain mail        |       |    25 ||    25
Dodge: Dodged            |    53 |    36 ||    89
Block: Buckler           |    44 |    24 ||    68

Table legend: (Time is in decaauts)
 A = Elapsed time spent in this place.
 B = Non-inter-level travel time spent in this place.
 C = Inter-level travel time spent in this place.
 D = Time resting spent in this place.
 E = Time spent auto-exploring this place.
 F = Levels seen in this place.
 G = Mean time per level.
                   A        B        C        D        E       F      G
               +--------+--------+--------+--------+--------+-----+--------+
         Total |   6208 |   1332 |   4876 |      0 |     51 |   4 | 1552.0 |
       Dungeon |   6208 |   1332 |   4876 |      0 |     51 |   4 | 1552.0 |
               +--------+--------+--------+--------+--------+-----+--------+

Top non-repeatable levels by time:
     D:1: 2365 daAuts
     D:3: 2098 daAuts
     D:2: 1683 daAuts
     D:4: 61 daAuts
